 Dungeon Crawl Stone Soup version 0.30.1-11-g7821555f0a (webtiles) character file.

Game seed: 13777329822911876202

5805 MacCMillion the Cleaver (level 10, -3/86 HPs)
             Began as a Ghoul Fighter on Dec 3, 2023.
             Was a Follower of Makhleb.
             Slain by a wyvern (6 damage)
             ... on level 9 of the Dungeon.
             The game lasted 00:19:42 (9633 turns).

MacCMillion the Cleaver (Ghoul Fighter)             Turns: 9633, Time: 00:19:43

Health: -3/86      AC: 21    Str: 25    XL:     10   Next: 79%
Magic:  12/13      EV:  8    Int:  3    God:    Makhleb [*.....]
Gold:   513        SH:  4    Dex:  8    Spells: 9/9 levels left

rFire   . . .        a - +0 war axe
rCold   + . .        c - +0 buckler
rNeg    + + +        v - +8 chain mail of Monotheism {rN+ Stlth+}
rPois   ∞            L - +0 helmet
rElec   .            w - +1 cloak
rCorr   .            (no gloves)
SInv    .            (no boots)
Will    .....        l - amulet of regeneration Stlth
                     K - ring of flight
HPRegen 0.00/turn    (no ring)
MPRegen 0.13/turn

%: no passive effects
@: mighty, flying, inhibited regen
A: claws 1, cold resistance 1, negative energy resistance 3, inhibited
regeneration, torment resistance 2, devour on kill
a: Renounce Religion


You were on level 9 of the Dungeon.
You worshipped Makhleb.
Makhleb was aware of your devotion.
You visited 1 branch of the dungeon, and saw 9 of its levels.
You also visited: Ossuary.

You collected 513 gold pieces.

Inventory:

Hand Weapons
 a - a +0 war axe (weapon)
Missiles
 g - 10 javelins (quivered)
 p - 9 poisoned darts
 H - 2 silver boomerangs
 M - 2 boomerangs of dispersal
Armour
 c - a +0 buckler (worn)
 v - the +8 chain mail of Monotheism (worn) {rN+ Stlth+}
   (You found it on level 3 of the Dungeon)

   rN:        It protects you from negative energy.
   Stlth:     It makes you more stealthy.
 w - a +1 cloak (worn)
 L - a +0 helmet (worn)
Jewellery
 l - an amulet of regeneration (around neck)
 C - a ring of wizardry
 K - a ring of flight (left claw)
Wands
 u - a wand of roots (13)
 A - a wand of flame (39)
 F - a wand of charming (3)
Scrolls
 b - 2 scrolls of silence
 f - 2 scrolls of enchant armour {unknown}
 h - a scroll of vulnerability
 i - 4 scrolls of teleportation
 r - a scroll of noise
 t - 3 scrolls of magic mapping
 x - a scroll of blinking
 y - 2 scrolls of fear
 D - 2 scrolls of amnesia {unknown}
 G - 2 scrolls of poison
 I - a scroll of brand weapon {unknown}
 J - a scroll of fog {unknown}
 N - a scroll of identify
Potions
 d - 2 potions of might
 e - 3 potions of degeneration
 j - a potion of flight
 k - 3 potions of brilliance
 m - a potion of heal wounds
 n - a potion of ambrosia {unknown}
 o - 4 potions of resistance
 q - 6 potions of curing
 s - 2 potions of mutation
 z - 3 potions of haste
 B - a potion of magic {unknown}
 E - a potion of lignification {unknown}


   Skills:
 + Level 7.5 Fighting
 + Level 11.0 Axes
 + Level 6.2 Armour
 - Level 4.0 Shields
 + Level 5.4 Invocations


You had 9 spell levels left.
You didn't know any spells.
Your spell library contained the following spells:

 Spells                   Type           Power      Damage    Failure   Level
 Passwall                 Tmut/Erth      0%         N/A       99%         2
 Ozocubu's Armour         Ice            0%         N/A       100%        3
 Metabolic Englaciation   Hex/Ice        0%         N/A       100%        5
 Simulacrum               Ice/Necr       0%         N/A       100%        6
 Spider Form              Tmut/Pois      Unusable   N/A       N/A         3
 Statue Form              Tmut/Erth      Unusable   N/A       N/A         6

Dungeon Overview and Level Annotations

Branches:
Dungeon (9/15)             Temple (0/1) D:7            Lair (0/5) D:9
    Orc (0/2) D:9         Ossuary (visited)

Altars:
Cheibriados
Dithmenos
Fedhas
Makhleb
Nemelex Xobeh
Okawaru
Sif Muna
Xom

Shops:
D:5 *   D:8 :

Annotations:
D:9 exclusions: 5 doors and 1 more exclusion


Innate Abilities, Weirdness & Mutations

You are immune to poison.
You have sharp fingernails.
Your flesh is cold resistant. (rC+)
You are immune to negative energy. (rN+++)
You do not regenerate when monsters are visible.
You are immune to unholy pain and torment.
You thrive by killing the living.


Message History

* * * LOW HITPOINT WARNING * * *
You barely miss the tengu conjurer.
The tengu conjurer is heavily wounded.
The tengu conjurer barely misses you.
The tengu conjurer pecks you but does no damage.
The tengu conjurer claws you but does no damage.
Unknown command.
You feel very mighty all of a sudden.
The wight hits you from afar with a +0 halberd.
* * * LOW HITPOINT WARNING * * *
The tengu conjurer hits you but does no damage.
The tengu conjurer closely misses you. The tengu conjurer misses you.
You barely miss the tengu conjurer.
The tengu conjurer is heavily wounded.
The wight barely misses you. The tengu conjurer misses you.
The tengu conjurer pecks you but does no damage.
You block the tengu conjurer's attack.
You slice the tengu conjurer!!
You kill the tengu conjurer!
Makhleb accepts your kill.
A wyvern comes into view.
The wight hits you but does no damage.
Your Axes skill increases to level 11!
A wyvern comes into view.
The wyvern hisses angrily.
The wight hits you but does no damage.
The wyvern moves out of view.
Things that are here:
a +0 whip; a +0 buckler; a tengu corpse You barely miss the wight.
You block the wight's attack.
You barely miss the wight. The wight hits you but does no damage.
You slice the wight!!
You destroy the wight!
Makhleb accepts your kill.
You slash the wyvern!
The wyvern bites you but does no damage.
You closely miss the wyvern. x2; The wyvern bites you!
* * * LOW HITPOINT WARNING * * *
The wyvern bites you but does no damage. x2
The wyvern bites you.
You die...

,***,*,* #.,,* *.# *,*,*
*,,,*+,* #.,.####.#****,*,*
,***,*,* #.,......#,,,,,*,*
,*,,**,* #.,......#,*****,*
,*,*,*,*** #.,#.....#,*,,,*,*
*,*,,*,,.#####.##.....#,*,*,*,*
+#****,*........#.....#,*,,,*,*
.#*,,*,****#...ll.....#,***,*,*
#,*,,*,* **#...#@)....#,*,,,*,*
,*,***,* #.....##.....#,*,*,*,*
#,*,**,**#.####*#.....#,*,*,*,*
.#,*,+,*..,* #.###.#,*,***,*
#.#,**,,.*** #)# #>#,*,*,,,*
.#.#**,*** #)# #.#,*,*,*,*
#.#u.*,***#######.# #.#,*,*,*,*
Q##.)#,,,,...z..(.# #.#,*,*,*,*
+#**##****'#####).# #.#,*,*,*,*


You could see 2 wyverns.

Vanquished Creatures
  A two-headed ogre (D:9)
  A cyclops (D:9)
  A tengu conjurer (D:9)
  Grinder (D:4)
  Sigmund (D:5)
  A wyvern (D:9)
  Eustachio (D:3)
  Menkaure (Ossuary)
  An acid dragon (D:9)
  2 water moccasins
  3 black bears
  2 ice beasts
  3 orc warriors
  9 centaurs
  2 ogres
  A kobold brigand (D:8)
  3 bullfrogs
  A gnoll sergeant (D:6)
  2 scorpions
  10 wights
  2 jellies
  6 orc priests
  2 sleepcaps
  3 iguanas
  Ijyb (D:5)
  6 orc wizards
  4 mummies
  4 gnolls (D:6)
  8 adders
  A shadow imp (D:7)
  3 ufetubi (D:6)
  6 worms
  3 dart slugs
  38 orcs
  8 bats
  5 endoplasms
  4 giant cockroaches
  11 goblins
  8 hobgoblins
  6 jackals
  15 kobolds
  7 quokkas
  7 ball pythons
  7 frilled lizards
  5 gnoll skeletons (Ossuary)
  3 gnoll zombies (Ossuary)
  6 goblin skeletons (Ossuary)
  5 goblin zombies
  5 hobgoblin skeletons (Ossuary)
  7 hobgoblin zombies
  4 kobold skeletons (Ossuary)
  5 kobold zombies (Ossuary)
  An orc skeleton (Ossuary)
  2 orc zombies (Ossuary)
  9 rats
  4 rat skeletons (Ossuary)
  5 rat zombies (Ossuary)
273 creatures vanquished.

Notes
Turn   | Place    | Note
-------+----------+-------------------------------------------
     0 | D:1      | MacCMillion the Ghoul Fighter began the quest for the Orb.
     0 | D:1      | Reached XP level 1. HP: 19/19 MP: 0/0
    37 | D:1      | Reached skill level 2 in Axes
    69 | D:1      | Reached XP level 2. HP: 26/26 MP: 1/1
   499 | D:1      | Reached XP level 3. HP: 31/31 MP: 2/2
   851 | D:1      | Found a faded altar of an unknown god.
  1495 | D:1      | Reached skill level 3 in Axes
  1495 | D:1      | Reached XP level 4. HP: 8/38 MP: 3/3
  2270 | D:2      | Reached XP level 5. HP: 30/45 MP: 4/4
  2648 | D:3      | Noticed a centaur
  2654 | D:3      | Killed a centaur
  2655 | D:3      | Reached skill level 4 in Axes
  2655 | D:3      | Reached XP level 6. HP: 42/51 MP: 5/5
  2815 | D:3      | Identified the +8 chain mail of Monotheism {rN+ Stlth+}
  2990 | D:3      | Found a shadowy altar of Dithmenos.
  3032 | D:3      | Identified the +0 pair of boots of the Eight Friars {Harm
                  | rF+ MP-9}
  3257 | D:3      | Reached skill level 5 in Axes
  3373 | D:4      | Noticed Eustachio
  3417 | D:3      | Killed Eustachio
  3418 | D:3      | Reached XP level 7. HP: 40/57 MP: 6/6
  3483 | D:4      | Reached skill level 6 in Axes
  3640 | D:4      | Noticed Grinder
  3650 | D:5      | Entered Level 5 of the Dungeon
  3660 | D:5      | Reached skill level 7 in Axes
  3795 | D:4      | Paralysed by Grinder for 5 turns
  3820 | D:4      | Killed Grinder
  3821 | D:4      | Reached skill level 8 in Axes
  3821 | D:4      | Reached XP level 8. HP: 53/63 MP: 7/7
  4241 | D:5      | Noticed Ijyb
  4241 | D:5      | Noticed Sigmund
  4262 | D:5      | Found Epecown's Assorted Antiques.
  4365 | D:5      | Killed Ijyb
  4443 | D:5      | Reached skill level 9 in Axes
  4450 | D:5      | Found a shimmering blue altar of Sif Muna.
  4699 | D:5      | Killed Sigmund
  4826 | D:6      | Found a sand-covered staircase.
  4838 | Ossuary  | Entered an ossuary
  4972 | Ossuary  | Reached XP level 9. HP: 70/70 MP: 8/8
  5674 | Ossuary  | Reached skill level 10 in Axes
  5901 | Ossuary  | Noticed Menkaure
  5914 | Ossuary  | Killed Menkaure
  6019 | D:6      | Got the Codex of Shaping
  6155 | D:6      | Found a burning altar of Makhleb.
  6155 | D:6      | Found a snail-covered altar of Cheibriados.
  6156 | D:6      | Found a shimmering altar of Xom.
  6203 | D:6      | Became a worshipper of Makhleb the Destroyer
  6623 | D:6      | Reached skill level 5 in Fighting
  7101 | D:7      | Reached skill level 1 in Invocations
  7293 | D:7      | Found a staircase to the Ecumenical Temple.
  7790 | D:8      | Reached * piety under Makhleb
  7954 | D:8      | Reached skill level 5 in Armour
  8069 | D:8      | Reached XP level 10. HP: 77/83 MP: 11/11
  8563 | D:8      | Found Viahiwit's Book Shop.
  9128 | D:9      | Found an iron altar of Okawaru.
  9131 | D:9      | Found a sparkling altar of Nemelex Xobeh.
  9134 | D:9      | Found a blossoming altar of Fedhas.
  9202 | D:9      | Noticed a two-headed ogre
  9225 | D:9      | Killed a two-headed ogre
  9416 | D:9      | Noticed a cyclops
  9416 | D:9      | Noticed a brown ugly thing
  9418 | D:9      | Noticed a manticore
  9509 | D:9      | Found a staircase to the Lair.
  9533 | D:9      | Noticed a cyclops
  9552 | D:9      | Killed a cyclops
  9553 | D:9      | Reached skill level 5 in Invocations
  9629 | D:9      | Reached skill level 11 in Axes
  9633 | D:9      | HP: 3/86 [wyvern (13)]
  9633 | D:9      | Slain by a wyvern

Illustrated notes

Levels and vault maps discovered:
D:1:      wander_arrival_chamber, layout_basic,
          dreamdust_ecumenical_altar_hidden_monk_grotto, minmay_misc_feat_x,
          serial_bayou_pond_d, minmay_distorted
D:2:      minmay_inner_zag, layout_rooms, minmay_3d_cube
D:3:      layout_rooms, grunt_dithmenos_smoke, grunt_ministairs_4,
          minmay_misc_feat_rugged
D:4:      layout_cave_pools, uniq_eustachio, uniq_grinder
D:5:      layout_rooms, nicolae_sif_muna_little_library, serial_shops, shop,
          kennysheep_generic_room_7, uniq_ijyb, uniq_sigmund
D:6:      layout_loops_corners, gammafunk_temple_overflow_forgotten,
          nicolae_ossuary_entry_giza, minmay_misc_feat_enclosed
D:7:      layout_loops_cross, minmay_temple_entry_mini_moons
D:8:      layout_loops_ring, serial_shops, shop
D:9:      minmay_the_grid_net [minmay_the_grid_mess, minmay_the_grid_x,
          minmay_the_grid_outer_circle, minmay_the_grid_expand,
          minmay_the_grid_tiny_cups,
          minmay_the_grid_prize_four_corners_diamond_b], layout_basic,
          grunt_temple_overflow_cloverleaf, hangedman_abyss_or_decor_passed,
          grunt_ministairs_9

Skill      XL: |  1  2  3  4  5  6  7  8  9 10 |
---------------+-------------------------------+-----
Axes           | 2 3 4 5 8 9 10 11 | 11.0
Shields        | 3 4 |  4.0
Armour         | 5 6 |  6.2
Fighting       | 6 7 |  7.5
Invocations    | 3 5 |  5.4

Action                     |  1- 3 |  4- 6 |  7- 9 | 10-12 || total
---------------------------+-------+-------+-------+-------++-------
  Melee: War axe           |   124 |   181 |   484 |   164 ||   953
    Use: Scroll            |       |       |    11 |     5 ||    16
         Potion            |       |       |       |     1 ||     1
   Stab: Distracted        |       |     1 |       |       ||     1
 Armour: Scale mail        |    69 |    49 |       |       ||   118
         Chain mail        |       |    58 |   315 |   124 ||   497
  Dodge: Dodged            |    83 |    94 |   183 |    68 ||   428
  Block: Buckler           |    30 |    38 |    88 |    26 ||   182
